 Dungeon Crawl Stone Soup version 0.25.1-2-g60ff931df9 (webtiles) character file.

Game seed: 16441150195038782283

1607 Exodus22XD the Archer (level 8, -5/67 HPs)
             Began as a Centaur Hunter on Oct 16, 2020.
             Was a Follower of Okawaru.
             Shot with an arrow by a centaur (11 damage)
             ... on level 7 of the Dungeon.
             The game lasted 00:12:22 (8775 turns).

Exodus22XD the Archer (Centaur Hunter)              Turns: 8775, Time: 00:12:23

Health: -5/67      AC:  9    Str: 20    XL:     8   Next: 63%
Magic:  9/9        EV: 11    Int: 16    God:    Okawaru [*.....]
Gold:   231        SH:  0    Dex: 14    Spells: 7/7 levels left

rFire    . . .     SeeInvis .   a - +2 shortbow
rCold    . . .     Gourm    .   (shield currently unavailable)
rNeg     . . .     Faith    .   G - +1 robe of Hubris {+Fly Dex+3} (curse)
rPois    .         Spirit   .   B - +2 helmet
rElec    .         Reflect  .   (no cloak)
rCorr    .         Harm     .   w - +0 pair of gloves
MR       .....                  (no barding)
Stlth    +.........             r - amulet of magic regeneration
HPRegen  0.21/turn              K - +4 ring of slaying
MPRegen  0.36/turn              E - ring "Juapipah" {Str+4 Int+6}

@: very quick
A: large, hooves 3, deformed body, speed 2, tough skin 3
a: Heroism, Renounce Religion, Evoke Flight


You were on level 7 of the Dungeon.
You worshipped Okawaru.
Okawaru was aware of your devotion.
You were not hungry.

You visited 1 branch of the dungeon, and saw 7 of its levels.

You collected 231 gold pieces.

Inventory:

Hand Weapons
 a - a +2 shortbow (weapon)
 b - a +0 short sword
Missiles
 d - 164 arrows (quivered)
Armour
 w - a +0 pair of gloves (worn)
 B - a +2 helmet (worn)
 D - a +0 scale mail
 G - the cursed +1 robe of Hubris (worn) {+Fly Dex+3}
   (You found it on level 6 of the Dungeon)

   It affects your dexterity (+3).
   It lets you fly.
   It has a curse placed upon it.
Jewellery
 c - an uncursed ring of fire
 r - an amulet of magic regeneration (around neck)
 u - an uncursed ring of flight
 E - the ring "Juapipah" (right hand) {Str+4 Int+6}
   (You found it on level 6 of the Dungeon)

   [ring of intelligence]

   It affects your strength (+4).
   It affects your intelligence (+6).
 J - a +4 ring of evasion
 K - a +4 ring of slaying (left hand)
Wands
 p - a wand of enslavement (9)
Scrolls
 e - a scroll of teleportation {unknown}
 g - 6 scrolls of enchant armour
 h - 6 scrolls of enchant weapon
 k - 5 scrolls of remove curse
 q - 3 scrolls of fog {unknown}
 s - a scroll of amnesia {unknown}
 v - 5 scrolls of identify {unknown}
 x - a scroll of magic mapping {unknown}
 y - a scroll of fear {unknown}
 C - 2 scrolls of blinking {unknown}
 H - a scroll of torment {unknown}
Potions
 i - 2 potions of heal wounds
 j - a potion of haste {unknown}
 l - 2 potions of lignification {unknown}
 m - a potion of might {unknown}
 n - 3 potions of stabbing {unknown}
 o - 3 potions of curing {unknown}
 t - a potion of berserk rage {unknown}
 z - 2 potions of mutation {unknown}
 A - 3 potions of degeneration {unknown}
 F - a potion of brilliance {unknown}
Comestibles
 f - 12 rations
 I - 2 chunks of flesh


   Skills:
 + Level 4.8 Fighting
 * Level 9.7 Bows
 + Level 4.6 Armour
 + Level 3.1 Dodging
 - Level 0.4 Stealth
 * Level 2.4 Invocations


You had 7 spell levels left.
You didn't know any spells.
Your spell library contained the following spells:

 Spells                   Type           Power        Failure   Level  Hunger
 Sting                    Tmut/Pois      #...         26%         1    ##.....
 Conjure Flame            Conj/Fire      #.......     58%         3    ####...
 Ignite Poison            Fire/Tmut/Pois #.......     58%         3    ####...
 Conjure Ball Lightning   Conj/Air       #.........   100%        6    #######
 Spellforged Servitor     Conj/Summ      #.........   100%        7    #######


Dungeon Overview and Level Annotations

Branches:
Dungeon (7/15)
 Temple: D:4-7

Altars:
Elyvilon
Fedhas
Okawaru
Qazlal

Shops:
D:6 (

Annotations:
D:6 Edmund


Innate Abilities, Weirdness & Mutations

You have hooves in place of feet.
Armour fits poorly on your strangely shaped body.
You cover ground very quickly.
You have extremely tough skin. (AC +3)


Message History

Press: ? - help, Shift-Dir - straight line, f - centaur
Aim: a centaur, wielding a +0 shortbow and quivering 15 arrows You shoot an arrow.
The arrow barely misses the centaur.
The centaur shoots an arrow.
The arrow hits you!
* * * LOW HITPOINT WARNING * * *
You see here an arrow.
Firing (i - inventory)
d - 166 arrows (quivered)
Press: ? - help, Shift-Dir - straight line, f/p - centaur
Aim: a centaur, wielding a +0 shortbow and quivering 14 arrows You shoot an arrow.
The arrow hits the iguana!
The iguana is almost dead.
The centaur shoots an arrow.
The arrow hits you but does no damage.
Firing (i - inventory)
d - 165 arrows (quivered)
Press: ? - help, Shift-Dir - straight line, f/p - centaur
Aim: a centaur, wielding a +0 shortbow and quivering 13 arrows You shoot an arrow.
The arrow hits the iguana!
You kill the iguana!
Okawaru accepts your kill.
The centaur shoots an arrow.
The arrow hits you!
You die...

#.........≈≈♣≈≈..#
#......<..≈≈≈≈≈..#
#....##♣...≈≈≈...♣
..< ♣♣.......♣ #
♣♣.....♣♣ ♣♣...♣♣
♣♣.....♣♣
♣♣.......♣♣
♣.@.≈≈≈...♣
♣♣.(≈≈≈≈≈..♣♣
♣(..≈≈_≈≈...♣
♣♣.c≈≈≈≈≈..♣♣
♣...≈≈≈...♣
♣♣.......♣♣
♣♣.(...♣♣ ♣♣l(.♣♣
♣.....♣


You could see a centaur and an iguana.

Vanquished Creatures
  Sigmund (D:3)
  An orc warrior (D:6)
  A black bear (D:7)
  3 ogres
  A crocodile (D:6)
  A bullfrog (D:4)
  Blork the orc (D:4)
  A wyvern zombie (D:4)
  2 scorpions
  2 crimson imps (D:5)
  A centaur skeleton (D:4)
  Jessica (D:3)
  2 iguanas
  Terence (D:2)
  6 worker ants
  An orc wizard (D:4)
  A hound skeleton (D:4)
  Robin (D:3)
  4 howler monkey skeletons
  6 adders
  3 gnolls (D:5)
  2 oozes
  An adder skeleton (D:4)
  2 worms (D:2)
  3 dart slugs
  3 leopard geckos
  16 orcs
  2 ball pythons
  4 giant cockroaches
  16 goblins
  10 hobgoblins
  12 jackals
  2 kobolds (D:1)
  2 quokkas
  6 bats
  4 frilled lizards
  2 leopard gecko skeletons (D:4)
  A quokka zombie (D:6)
  3 rats
132 creatures vanquished.

Notes
Turn   | Place    | Note
-------+----------+-------------------------------------------
     0 | D:1      | Exodus22XD the Centaur Hunter began the quest for the Orb.
     0 | D:1      | Reached XP level 1. HP: 17/17 MP: 1/1
   236 | D:1      | Reached XP level 2. HP: 15/24 MP: 2/2
   798 | D:1      | Reached skill level 6 in Bows
  1125 | D:2      | Reached XP level 3. HP: 25/29 MP: 3/3
  1500 | D:2      | Found a stormy altar of Qazlal.
  1806 | D:2      | Noticed Terence
  1847 | D:2      | Killed Terence
  1847 | D:2      | Reached skill level 1 in Armour
  1847 | D:2      | Reached XP level 4. HP: 4/37 MP: 4/4
  3050 | D:3      | Noticed Sigmund
  3065 | D:3      | Killed Sigmund
  3065 | D:3      | Reached XP level 5. HP: 23/45 MP: 5/5
  3606 | D:3      | Noticed Jessica
  3609 | D:3      | Killed Jessica
  3609 | D:3      | Reached XP level 6. HP: 51/51 MP: 6/6
  3951 | D:3      | Noticed Robin
  4122 | D:3      | Killed Robin
  4122 | D:3      | Reached skill level 7 in Bows
  4446 | D:3      | Identified the Compendium of Attacks and Intoxication
  4861 | D:4      | Noticed Blork the orc
  4885 | D:4      | Killed Blork the orc
  5321 | D:4      | Reached XP level 7. HP: 22/58 MP: 7/7
  6109 | D:4      | Found a blossoming altar of Fedhas.
  6315 | D:5      | Entered Level 5 of the Dungeon
  6402 | D:5      | Reached skill level 8 in Bows
  6518 | D:5      | Found an iron altar of Okawaru.
  6543 | D:5      | Became a worshipper of Warmaster Okawaru
  7173 | D:5      | Reached XP level 8. HP: 10/67 MP: 8/8
  7638 | D:5      | Reached skill level 1 in Invocations
  7957 | D:6      | Got a faintly glowing amber ring
  7959 | D:6      | Identified the ring "Juapipah" {Str+4 Int+6} (You found it
                  | on level 6 of the Dungeon)
  7992 | D:6      | Got a faintly glowing robe
  8003 | D:6      | Identified the cursed +1 robe of Hubris {+Fly Dex+3} (You
                  | found it on level 6 of the Dungeon)
  8120 | D:6      | Found Utopedy's Antique Weapon Shop.
  8420 | D:6      | Reached * piety under Okawaru
  8420 | D:6      | Reached skill level 9 in Bows
  8549 | D:6      | Noticed Edmund
  8742 | D:7      | Found a white marble altar of Elyvilon.
  8775 | D:7      | Shot with an arrow by a centaur

Illustrated notes

Levels and vault maps discovered:
D:1:      giann_bridges, layout_basic
D:2:      layout_basic, lemuel_doored_altar, minmay_liquid_box, uniq_terence
D:3:      kennysheep_goblin_castle, layout_loops_ring, first_ration,
          minmay_checkerbox, uniq_jessica, uniq_sigmund
D:4:      layout_cave_pods, kennysheep_little_box, serial_bayou_lake_a,
          uniq_blork_the_orc
D:5:      layout_loops_ring, okawaru_ov_weapons_minmay
D:6:      layout_rooms, serial_shops,
          nicolae_shop_temple_entry_statues_fountains, uniq_edmund
D:7:      layout_rooms, elyvilon_altar_3, yredelemnul_forgotten_temple_becter,
          minmay_temple_entry_glassed_door, serial_shops, shop, grunt_livestock

Skill      XL: |  1  2  3  4  5  6  7  8 |
---------------+-------------------------+-----
Bows           | 6 7 8 9 |  9.7
Armour         | 1 2 3 4 |  4.6
Fighting       | 3 4 |  4.8
Dodging        | 2 3 |  3.1
Invocations    | 2 |  2.4
Stealth        | |  0.4

Action                   |  1- 3 |  4- 6 |  7- 9 || total
-------------------------+-------+-------+-------++-------
Melee: Short sword       |    94 |   232 |   216 ||   542
       Kick              |    20 |    50 |    61 ||   131
 Fire: Shortbow          |    10 |    10 |    82 ||   102
  Use: Potion            |       |     1 |       ||     1
       Scroll            |       |       |     3 ||     3
 Stab: Sleeping          |       |       |     1 ||     1
  Eat: Chunk             |     2 |    10 |     9 ||    21
Armor: Leather armour    |    13 |       |       ||    13
       Ring mail         |    26 |   128 |       ||   154
       Scale mail        |       |       |   122 ||   122
       Robe              |       |       |    12 ||    12
Dodge: Dodged            |    34 |   150 |   112 ||   296
